[Event "January 9 Late 2024"]
[Site "https://www.chess.com"]
[Date "2024.01.09"]
[Round "1"]
[White "Smirnov, Timofey"]
[Black "Cruz Mendez, Jean Marco"]
[Result "0-1"]
[Board "241"]
[TimeControl "180+1"]
[WhiteFideId "24176427"]
[BlackFideId "3526402"]
[WhiteElo "1992"]
[BlackElo "2553"]
[WhiteTeam "RUS"]
[BlackTeam "CUB"]
[WhiteClock "0:00:00"]
[BlackClock "0:00:30"]

1. e4 c5 2. c3 Nf6 3. e5 Nd5 4. d4 cxd4 5. Nf3 Nc6 6. cxd4 d6 7. Bb5 Qa5+ 8. Nc3 Nxc3 9. Bxc6+ bxc6 10. bxc3 Qxc3+ 11. Bd2 Qc4 12. Rc1 Qa6 13. exd6 exd6 14. Qe2+ Qxe2+ 15. Kxe2 Ba6+ 16. Kd1 Kd7 17. Re1 Be7 18. Ng5 h6 19. Ne4 Rab8 20. Kc2 Rhe8 21. Rb1 Bc4 22. Bf4 Rxb1 23. Rxb1 Bxa2 24. Ra1 Bd5 25. Rxa7+ Ke6 26. Nc3 Bxg2 27. Ra6 g5 28. Be3 f5 29. Ne2 Bf6 30. Ra7 f4 31. Bxf4 Be4+ 32. Kc3 gxf4 33. Nxf4+ Kf5 0-1

[Event "January 9 Late 2024"]
[Site "https://www.chess.com"]
[Date "2024.01.09"]
[Round "1"]
[White "Lin, Bryan Enming"]
[Black "Burke, Paul"]
[Result "1-0"]
[Board "242"]
[TimeControl "180+1"]
[WhiteFideId "30987121"]
[BlackFideId "2605767"]
[WhiteElo "2552"]
[BlackElo "1886"]
[WhiteTeam "USA"]
[BlackTeam "CAN"]
[WhiteClock "0:00:31"]
[BlackClock "0:00:17"]

1. e4 e5 2. Nf3 Nc6 3. Nc3 Be7 4. d4 exd4 5. Nxd4 d6 6. Bb5 Bd7 7. Nxc6 bxc6 8. Bc4 Nf6 9. O-O O-O 10. h3 Be6 11. Bd3 Nd7 12. f4 f5 13. exf5 Bxf5 14. Bxf5 Rxf5 15. Be3 Rf8 16. Qd3 Bf6 17. Rad1 d5 18. Bd4 Bxd4+ 19. Qxd4 Qf6 20. b3 Qxd4+ 21. Rxd4 Rae8 22. Ra4 Re3 23. Nd1 Re2 24. Rxa7 Rxc2 25. Rxc7 Nf6 26. a4 d4 27. b4 Nd5 28. Rd7 Rf7 29. Rd6 Rf6 30. Rxf6 gxf6 31. b5 cxb5 32. axb5 d3 33. Re1 Nxf4 34. Ne3 Rb2 35. Rf1 Ne2+ 36. Kh2 Kf7 37. Rf5 Nd4 38. Rd5 Nxb5 39. Rxd3 Re2 40. Nf5 Rb2 41. Rd5 Ke6 42. Rxb5 Rxb5 43. Nd4+ Kd5 44. Nxb5 Kc5 45. Nc3 Kd4 46. Ne2+ Ke3 47. Ng1 f5 48. Nf3 f4 49. h4 h5 50. Kh3 Kf2 51. Ng5 Ke3 52. Ne6 f3 53. gxf3 Kxf3 54. Ng7 Kf4 55. Nxh5+ 1-0

[Event "January 9 Late 2024"]
[Site "https://www.chess.com"]
[Date "2024.01.09"]
[Round "1"]
[White "Gulamirian, Korun"]
[Black "Taboas Rodriguez, Daniel"]
[Result "0-1"]
[Board "243"]
[TimeControl "180+1"]
[WhiteFideId "4144899"]
[BlackFideId "2208466"]
[WhiteElo "1638"]
[BlackElo "2552"]
[WhiteTeam "RUS"]
[BlackTeam "ESP"]
[WhiteClock "0:01:36"]
[BlackClock "0:01:50"]

1. e4 e5 2. Nf3 Nc6 3. d4 exd4 4. Bc4 Nf6 5. e5 d5 6. Bb5 Ne4 7. Nxd4 Bd7 8. Bxc6 bxc6 9. O-O Bc5 10. Be3 Qe7 11. f3 Nd6 12. Kh1 Nf5 13. Nxf5 Bxf5 14. Bxc5 Qxc5 15. f4 O-O 16. c3 a5 17. Nd2 a4 18. Nf3 Rfb8 19. Nd4 Be4 20. Rf2 a3 21. Nb3 Qxf2 22. bxa3 Qxg2# 0-1

[Event "January 9 Late 2024"]
[Site "https://www.chess.com"]
[Date "2024.01.09"]
[Round "2"]
[White "Nakamura, Hikaru"]
[Black "Rozman, Levy"]
[Result "1-0"]
[Board "1"]
[TimeControl "180+1"]
[WhiteFideId "2016192"]
[BlackFideId "2039877"]
[WhiteElo "3204"]
[BlackElo "2707"]
[WhiteTeam "USA"]
[BlackTeam "USA"]
[WhiteClock "0:00:41"]
[BlackClock "0:00:00"]

1. e4 e6 2. d3 d5 3. Nd2 Nf6 4. Ngf3 g6 5. g3 Bg7 6. Bg2 O-O 7. O-O a5 8. e5 Nfd7 9. Re1 a4 10. a3 c5 11. Nf1 Nc6 12. Bf4 b5 13. c3 Qb6 14. h4 b4 15. c4 bxa3 16. bxa3 Qb3 17. Qe2 Ba6 18. N1d2 Qc3 19. Rec1 Qa5 20. h5 Rab8 21. Qe1 Rfe8 22. Bh3 Nf8 23. h6 Bh8 24. Qe3 d4 25. Qe4 Bb7 26. Qe2 Ne7 27. Ne4 Bxe4 28. Qxe4 Qa8 29. Qe2 Nd7 30. Ng5 Nf5 31. Ne4 Nxe5 32. Bg2 Qa5 33. Nd6 Nxd6 34. Bxe5 Qd8 35. Bxh8 Kxh8 36. Qe5+ f6 37. Qxc5 Nf7 38. Qa7 Qe7 39. Qxa4 Nxh6 40. c5 Rec8 41. c6 Nf5 42. Rab1 Qd6 43. Rxb8 Qxb8 44. Qc4 Qd6 45. c7 Qe5 46. Qc5 Qxc5 47. Rxc5 Nd6 48. Rc6 Ne8 49. Rxe6 Nxc7 50. Rc6 Rb8 51. Rxc7 1-0

[Event "January 9 Late 2024"]
[Site "https://www.chess.com"]
[Date "2024.01.09"]
[Round "2"]
[White "Dyachuk, Artem"]
[Black "Firouzja, Alireza"]
[Result "0-1"]
[Board "2"]
[TimeControl "180+1"]
[WhiteFideId "34107924"]
[BlackFideId "12573981"]
[WhiteElo "2698"]
[BlackElo "3165"]
[WhiteTeam "UKR"]
[BlackTeam "FRA"]
[WhiteClock "0:00:04"]
[BlackClock "0:01:41"]

1. e4 c5 2. Nf3 d6 3. d4 cxd4 4. Nxd4 Nf6 5. Nc3 Nc6 6. Bg5 Bd7 7. Qd2 a6 8. O-O-O e6 9. f4 b5 10. Bxf6 gxf6 11. f5 Nxd4 12. Qxd4 Bh6+ 13. Kb1 Bf4 14. Ne2 Be5 15. Qe3 Qc7 16. Nf4 Rc8 17. Rd2 Qc5 18. Qxc5 dxc5 19. fxe6 fxe6 20. g3 Ke7 21. Bh3 Rc7 22. Rhd1 c4 23. c3 Bc8 24. a3 Rg8 25. Kc1 Rc5 26. Ne2 Rc7 27. Nd4 Bxd4 28. cxd4 c3 29. bxc3 Rxc3+ 30. Kb2 Re3 31. Rc2 Rxe4 32. Rc7+ Kd6 33. Rdc1 Re2+ 34. Kb3 Rxh2 35. Rxh7 Rxg3+ 36. Kb4 Bd7 37. d5 Rhxh3 38. dxe6 Rxh7 39. exd7 Rxd7 40. a4 Rg4+ 41. Ka5 Rxa4+ 42. Kb6 Rd4 43. Ra1 Ke5 44. Ra4 Rxa4 45. Kc6 Rc4+ 46. Kb6 b4 47. Ka5 b3 48. Kb6 b2 49. Ka5 b1=Q 50. Kxa6 Ra4# 0-1

[Event "January 9 Late 2024"]
[Site "https://www.chess.com"]
[Date "2024.01.09"]
[Round "2"]
[White "Vachier-Lagrave, Maxime"]
[Black "Leiva, Gianmarco"]
[Result "1/2-1/2"]
[Board "3"]
[TimeControl "180+1"]
[WhiteFideId "623539"]
[BlackFideId "3804399"]
[WhiteElo "3164"]
[BlackElo "2694"]
[WhiteTeam "FRA"]
[BlackTeam "PER"]
[WhiteClock "0:01:07"]
[BlackClock "0:00:04"]

1. e4 c6 2. Nf3 d5 3. d3 dxe4 4. dxe4 Qxd1+ 5. Kxd1 Nf6 6. Nfd2 h5 7. f3 h4 8. a4 g6 9. Nc4 Bh6 10. Bxh6 Rxh6 11. Kd2 g5 12. Ke3 Nh5 13. Nc3 Be6 14. Ne5 Nd7 15. Nxd7 Kxd7 16. a5 Kc7 17. Na4 Rd8 18. Nc5 f5 19. exf5 Bxf5 20. Bc4 Rhd6 21. Rhe1 Nf4 22. g3 Ng2+ 23. Kf2 Nxe1 24. Rxe1 Rd2+ 25. Re2 b6 26. axb6+ axb6 27. Bd3 Rxe2+ 28. Kxe2 bxc5 29. Bxf5 Kd6 30. Bd3 Ke5 31. Ke3 Rd4 32. b3 Rd8 33. Be4 Rd1 34. Bxc6 Kd6 35. Be4 Rh1 36. f4 Rxh2 37. fxg5 hxg3 38. g6 Ke6 39. Kf3 g2 40. Kf2 Kf6 41. Bd3 g1=Q+ 42. Kxg1 Rd2 43. Kf1 e5 44. Kg1 Kg7 45. Kf1 Kf6 46. Kg1 Ke7 47. Kf1 Kf6 1/2-1/2

[Event "January 9 Late 2024"]
[Site "https://www.chess.com"]
[Date "2024.01.09"]
[Round "2"]
[White "Sieciechowicz, Marcin"]
[Black "Naroditsky, Daniel"]
[Result "0-1"]
[Board "4"]
[TimeControl "180+1"]
[WhiteFideId "1130170"]
[BlackFideId "2026961"]
[WhiteElo "2692"]
[BlackElo "3154"]
[WhiteTeam "POL"]
[BlackTeam "USA"]
[WhiteClock "0:00:00"]
[BlackClock "0:00:14"]

1. d4 Nf6 2. Bf4 c5 3. e3 cxd4 4. exd4 Qb6 5. Nc3 a6 6. Qd2 d5 7. Bd3 Nc6 8. Nf3 Bg4 9. Ne5 Qxd4 10. Nxc6 bxc6 11. O-O e6 12. h3 Bh5 13. Rfe1 Qb6 14. Be3 Qc7 15. f4 Be7 16. g4 Bg6 17. f5 e5 18. fxg6 hxg6 19. Qg2 d4 20. Bd2 dxc3 21. Bxc3 Nd7 22. Be4 Rc8 23. Rad1 O-O 24. Bd3 Rcd8 25. Kh1 a5 26. Bc4 Bb4 27. Bxb4 axb4 28. Qe4 Nb6 29. Bb3 c5 30. Bd5 c4 31. b3 cxb3 32. Bxb3 Rxd1 33. Rxd1 Re8 34. Qxg6 Nc4 35. Bxc4 Qxc4 36. Qd3 Qxa2 37. Qb3 Qa8+ 38. Kh2 Qe4 39. Rf1 Qe2+ 40. Kg1 Rf8 41. Rf2 Qe4 42. Qd3 Qxd3 43. cxd3 Rd8 44. Rb2 Rd4 45. Kf2 Rxd3 46. Rxb4 Rxh3 47. Rb8+ Kh7 48. Re8 f6 49. g5 Kg6 50. gxf6 gxf6 0-1

[Event "January 9 Late 2024"]
[Site "https://www.chess.com"]
[Date "2024.01.09"]
[Round "2"]
[White "Sevian, Samuel"]
[Black "Manolache, Marius"]
[Result "0-1"]
[Board "5"]
[TimeControl "180+1"]
[WhiteFideId "2040506"]
[BlackFideId "1201530"]
[WhiteElo "3152"]
[BlackElo "2690"]
[WhiteTeam "USA"]
[BlackTeam "ROU"]
[WhiteClock "0:00:04"]
[BlackClock "0:00:10"]

1. c4 e5 2. Nc3 Nc6 3. Nf3 Nf6 4. a3 d6 5. d4 Be7 6. g3 Bg4 7. d5 Bxf3 8. exf3 Nd4 9. f4 O-O 10. Bg2 Nd7 11. O-O a5 12. fxe5 dxe5 13. Re1 Re8 14. h4 h6 15. Rb1 Bf8 16. b3 Nc5 17. Ne4 Nxe4 18. Bxe4 c5 19. dxc6 bxc6 20. Qg4 Qf6 21. Kg2 Rab8 22. Re3 Rb7 23. Bd2 Bxa3 24. Bxa5 Bb4 25. Bxb4 Rxb4 26. Rd1 Kf8 27. Qd7 Qe6 28. Qa7 Qe7 29. Qa2 Reb8 30. Bf3 Qf6 31. Qa5 g6 32. Qxe5 Qxe5 33. Rxe5 Nxf3 34. Kxf3 Rxb3+ 35. Kg2 Rc3 36. Rc5 Rb4 37. Rxc6 Rbxc4 38. Ra6 Rc6 39. Rd8+ Kg7 40. Raa8 h5 41. Rg8+ Kf6 42. Ra4 R3c4 43. Ra3 Rc3 44. Raa8 Rc7 45. Rh8 Kg7 46. Kh3 Rc2 47. Rhg8+ Kf6 48. f3 R2c3 49. f4 R7c6 50. Ra7 Rc7 51. Ra6+ R3c6 52. Ra5 Rc5 53. Raa8 Rc1 54. Ra6+ R1c6 55. Raa8 Rc1 56. Rgd8 R7c2 57. g4 Rc3+ 58. Kg2 R1c2+ 59. Kf1 hxg4 60. Ra6+ Kg7 61. f5 gxf5 62. h5 Rc6 63. Ra5 R2c3 64. Rxf5 Rf3+ 65. Rxf3 gxf3 66. Kf2 Rc5 67. Kxf3 Rxh5 68. Kg4 Rc5 69. Kf4 Kg6 70. Rd6+ f6 71. Ra6 Rc4+ 72. Kf3 Kg5 73. Ra5+ f5 74. Ra8 Rc3+ 75. Kf2 Kg4 76. Ra4+ f4 77. Ra8 Rc2+ 78. Ke1 Kg3 79. Rg8+ Kf3 80. Rf8 Rc1+ 81. Kd2 Rf1 82. Rh8 Kg2 83. Ke2 f3+ 84. Kd2 Ra1 85. Rg8+ Kf1 86. Rg7 f2 87. Rg8 Ra4 88. Rg5 Rd4+ 89. Ke3 Rd8 90. Ra5 Re8+ 91. Kf3 Rf8+ 92. Ke3 Kg2 93. Rg5+ Kh3 94. Rf5 0-1

[Event "January 9 Late 2024"]
[Site "https://www.chess.com"]
[Date "2024.01.09"]
[Round "2"]
[White "Llorente Zaro, Alfonso"]
[Black "Dubov, Daniil"]
[Result "0-1"]
[Board "6"]
[TimeControl "180+1"]
[WhiteFideId "2254131"]
[BlackFideId "24126055"]
[WhiteElo "2689"]
[BlackElo "3116"]
[WhiteTeam "ESP"]
[BlackTeam "RUS"]
[WhiteClock "0:01:29"]
[BlackClock "0:02:26"]

1. e4 c5 2. Nf3 e6 3. c4 Nc6 4. d4 cxd4 5. Nxd4 Nf6 6. Nc3 Bb4 7. Nxc6 bxc6 8. Bd3 e5 9. O-O O-O 10. Be3 Re8 11. c5 d5 12. cxd6 Bxc3 13. bxc3 Qxd6 14. f3 Be6 15. Qc2 Red8 16. Rfd1 Qa3 17. Bf1 h6 18. c4 Qxe3+ 0-1

[Event "January 9 Late 2024"]
[Site "https://www.chess.com"]
[Date "2024.01.09"]
[Round "2"]
[White "Nepomniachtchi, Ian"]
[Black "Skvortsov, Andrei"]
[Result "1-0"]
[Board "7"]
[TimeControl "180+1"]
[WhiteFideId "4168119"]
[BlackFideId "24108600"]
[WhiteElo "3115"]
[BlackElo "2678"]
[WhiteTeam "RUS"]
[BlackTeam "MNE"]
[WhiteClock "0:01:15"]
[BlackClock "0:00:12"]

1. e4 d5 2. exd5 Qxd5 3. Nf3 Bg4 4. Be2 Bxf3 5. Bxf3 Qe5+ 6. Be2 Nc6 7. c3 O-O-O 8. d4 Qd6 9. O-O e5 10. Na3 exd4 11. Nb5 Qg6 12. Bf4 a6 13. Bh5 Qf6 14. Bg4+ Rd7 15. Bxd7+ Kxd7 16. Nxd4 Qxf4 17. g3 Qd6 18. Qg4+ Ke8 19. Nxc6 bxc6 20. Rad1 f5 21. Qe2+ Qe7 22. Qc4 Nf6 23. Rfe1 Ne4 24. Qxc6+ Kf7 25. Rd7 1-0

[Event "January 9 Late 2024"]
[Site "https://www.chess.com"]
[Date "2024.01.09"]
[Round "2"]
[White "Cremisi, Daniel"]
[Black "Bortnyk, Olexandr"]
[Result "0-1"]
[Board "8"]
[TimeControl "180+1"]
[WhiteFideId "2089882"]
[BlackFideId "14120828"]
[WhiteElo "2678"]
[BlackElo "3110"]
[WhiteTeam "USA"]
[BlackTeam "UKR"]
[WhiteClock "0:01:06"]
[BlackClock "0:01:46"]

1. d4 d6 2. Nf3 Nf6 3. g3 g6 4. Bg2 Bg7 5. O-O O-O 6. b3 Bf5 7. Bb2 a5 8. Nh4 Be4 9. Bxe4 Nxe4 10. Qd3 d5 11. Nd2 Nxd2 12. Qxd2 a4 13. b4 c6 14. a3 Nd7 15. Nf3 Nb6 16. Qc1 Nc4 17. Nd2 Nd6 18. e3 b5 19. Qd1 Qd7 20. Qe2 Rfe8 21. Nf3 Nc4 22. Bc1 Qg4 23. Re1 Qf5 24. e4 dxe4 25. Qxe4 Qxe4 26. Rxe4 Rad8 27. c3 e5 28. Nxe5 Bxe5 29. dxe5 Rd1+ 30. Kg2 Rxe5 31. Rxe5 Nxe5 32. Bb2 Rxa1 33. Bxa1 Nc4 34. Kf3 Nxa3 35. Ke4 Kf8 36. Kd4 Nc2+ 37. Kc5 Nxa1 38. Kxc6 a3 0-1

[Event "January 9 Late 2024"]
[Site "https://www.chess.com"]
[Date "2024.01.09"]
[Round "2"]
[White "Aronian, Levon"]
[Black "Lewtak, Damian"]
[Result "1-0"]
[Board "9"]
[TimeControl "180+1"]
[WhiteFideId "13300474"]
[BlackFideId "1141724"]
[WhiteElo "3103"]
[BlackElo "2677"]
[WhiteTeam "USA"]
[BlackTeam "POL"]
[WhiteClock "0:02:28"]
[BlackClock "0:02:30"]

1. e4 c5 2. Nf3 d6 3. c3 Nf6 4. Be2 g6 5. O-O Bg7 6. d3 O-O 7. Be3 Nc6 8. Nbd2 e5 9. a3 Ng4 10. Bg5 f6 11. Bh4 g5 12. Bg3 Nh6 13. b4 Nf7 14. bxc5 dxc5 15. Nc4 Be6 16. Ne3 Nd6 17. Nd2 f5 18. exf5 Nxf5 19. Ne4 b6 20. Bg4 Nxe3 21. Bxe6+ 1-0

[Event "January 9 Late 2024"]
[Site "https://www.chess.com"]
[Date "2024.01.09"]
[Round "2"]
[White "Lund, Gunnar"]
[Black "Andreikin, Dmitry"]
[Result "0-1"]
[Board "10"]
[TimeControl "180+1"]
[WhiteFideId "1520814"]
[BlackFideId "4158814"]
[WhiteElo "2677"]
[BlackElo "3093"]
[WhiteTeam "NOR"]
[BlackTeam "FID"]
[WhiteClock "0:00:09"]
[BlackClock "0:00:28"]

1. d4 g6 2. c4 Bg7 3. Nc3 c5 4. d5 Bxc3+ 5. bxc3 f5 6. h4 Nf6 7. h5 Nxh5 8. Rxh5 gxh5 9. e4 Qa5 10. Qxh5+ Kd8 11. Ne2 fxe4 12. Bg5 d6 13. Bxe7+ Kxe7 14. Qg5+ Ke8 15. Qh5+ Kf8 16. Qh6+ Ke8 17. Qh5+ Kd8 18. Qg5+ Kc7 19. Qg7+ Nd7 20. Qxh8 Ne5 21. Qxh7+ Bd7 22. Qxe4 Re8 23. O-O-O Qxa2 24. Qc2 Qxc2+ 25. Kxc2 Ba4+ 26. Kc1 Bxd1 27. Kxd1 Ng4 28. Nf4 Nxf2+ 29. Kd2 Ne4+ 30. Kc2 Ng5 31. Bd3 a5 32. Kb3 Re1 33. Nh5 Nf7 34. Nf6 Ne5 35. Bf5 Kb6 36. Be6 Rb1+ 37. Kc2 Rg1 38. Ne8 Nxc4 39. Kb3 Nd2+ 40. Kc2 Rxg2 41. Kd3 a4 42. Nxd6 a3 43. Nc8+ Ka6 44. d6 c4+ 45. Kd4 Nb3+ 46. Ke3 a2 47. d7 a1=Q 48. Bxc4+ b5 49. Bxb5+ Kxb5 50. d8=Q Qxc3+ 51. Qd3+ Qxd3+ 52. Kxd3 Nc5+ 53. Ke3 Rg6 54. Kf4 Re6 55. Kf5 Ka6 56. Kg5 Kb7 57. Kf5 Kxc8 0-1

[Event "January 9 Late 2024"]
[Site "https://www.chess.com"]
[Date "2024.01.09"]
[Round "2"]
[White "Tabatabaei, M. Amin"]
[Black "Djokic, Mihailo"]
[Result "1-0"]
[Board "11"]
[TimeControl "180+1"]
[WhiteFideId "12521213"]
[BlackFideId "976440"]
[WhiteElo "3088"]
[BlackElo "2673"]
[WhiteTeam "IRI"]
[BlackTeam "SRB"]
[WhiteClock "0:01:38"]
[BlackClock "0:01:30"]

1. e4 c5 2. Nf3 d6 3. d4 cxd4 4. Nxd4 Nf6 5. Nc3 g6 6. Be2 Bg7 7. O-O Nc6 8. Nb3 O-O 9. Re1 Be6 10. Bf1 Rc8 11. Nd5 Re8 12. c3 Na5 13. Bg5 Nc4 14. Bxc4 Rxc4 15. Bxf6 exf6 16. Qd3 b5 17. Nd4 a6 18. Nxe6 fxe6 19. Ne3 Rc6 20. a4 Qb6 21. axb5 axb5 22. Ra3 b4 23. Rb3 Ra8 24. Rxb4 Qc7 25. h4 Rc5 26. Rd1 Bf8 27. Rb5 Rxb5 28. Qxb5 Rb8 29. Qe2 Qb7 30. Qc4 Kf7 31. b4 Rc8 32. Qd3 Qc6 33. c4 Qa4 34. b5 h5 35. Rb1 Bh6 36. Qxd6 Bxe3 37. Qd7+ 1-0

[Event "January 9 Late 2024"]
[Site "https://www.chess.com"]
[Date "2024.01.09"]
[Round "2"]
[White "Annaberdiyev, Meylis"]
[Black "Makarian, Rudik"]
[Result "0-1"]
[Board "12"]
[TimeControl "180+1"]
[WhiteFideId "14000563"]
[BlackFideId "44105681"]
[WhiteElo "2673"]
[BlackElo "3085"]
[WhiteTeam "TKM"]
[BlackTeam "FID"]
[WhiteClock "0:00:00"]
[BlackClock "0:00:53"]

1. e4 c5 2. Nc3 Nc6 3. Bb5 e6 4. Bxc6 bxc6 5. f4 d5 6. Nf3 Nf6 7. e5 Ng4 8. O-O c4 9. Qe1 Nh6 10. Kh1 Be7 11. b3 Ba6 12. bxc4 O-O 13. d3 dxc4 14. d4 c5 15. Be3 cxd4 16. Nxd4 Bb7 17. Qg3 g6 18. Rad1 Qa5 19. f5 Nxf5 20. Nxf5 exf5 21. Rd7 Qxc3 22. Rxe7 Bd5 23. Bg5 Qxc2 24. e6 Bxe6 25. Bh6 Qd3 26. Qxd3 cxd3 27. Bxf8 Kxf8 28. Rc7 Bxa2 29. Rd1 Rd8 30. Rxa7 Bd5 31. h3 Be4 32. Rd2 Rc8 0-1

[Event "January 9 Late 2024"]
[Site "https://www.chess.com"]
[Date "2024.01.09"]
[Round "2"]
[White "Bluebaum, Matthias"]
[Black "Atanasov, Anthony"]
[Result "1-0"]
[Board "13"]
[TimeControl "180+1"]
[WhiteFideId "24651516"]
[BlackFideId "2623897"]
[WhiteElo "3077"]
[BlackElo "2671"]
[WhiteTeam "GER"]
[BlackTeam "CAN"]
[WhiteClock "0:00:54"]
[BlackClock "0:00:13"]

1. d4 Nf6 2. c4 g6 3. Nc3 d5 4. cxd5 Nxd5 5. e4 Nxc3 6. bxc3 Bg7 7. Nf3 c5 8. Bb5+ Nc6 9. O-O O-O 10. Bxc6 bxc6 11. Qc2 Bg4 12. Ne5 Bxe5 13. dxe5 Qc7 14. f4 Rfd8 15. h3 Be6 16. Be3 Qa5 17. f5 Bc4 18. Rfd1 Rxd1+ 19. Rxd1 Rd8 20. Rxd8+ Qxd8 21. Bxc5 Qd3 22. Qxd3 Bxd3 23. Bxa7 Bxe4 24. f6 exf6 25. exf6 Kf8 26. a4 Ke8 27. Kf2 Kd7 28. g3 Kd6 29. Ke3 Bc2 30. a5 h5 31. Kd4 Bf5 32. Bb8+ Kd7 33. a6 Bxh3 34. Kc5 Kc8 35. Bf4 Bf1 36. c4 Bg2 37. Kd6 Bf1 38. Kxc6 Bd3 39. a7 Be4+ 40. Kd6 Kb7 41. Ke7 g5 42. Bxg5 Bg6 43. Be3 Ka8 44. Bb6 Kb7 45. c5 Ka8 46. c6 Bf5 47. Kxf7 h4 48. gxh4 Be6+ 49. Ke7 Bf7 50. c7 1-0

[Event "January 9 Late 2024"]
[Site "https://www.chess.com"]
[Date "2024.01.09"]
[Round "2"]
[White "Baziuk, Vladyslav"]
[Black "Oparin, Grigoriy"]
[Result "0-1"]
[Board "14"]
[TimeControl "180+1"]
[WhiteFideId "34107940"]
[BlackFideId "24125890"]
[WhiteElo "2671"]
[BlackElo "3058"]
[WhiteTeam "UKR"]
[BlackTeam "USA"]
[WhiteClock "0:00:32"]
[BlackClock "0:01:16"]

1. e4 c6 2. d4 d5 3. e5 c5 4. dxc5 e6 5. Nf3 Bxc5 6. a3 Ne7 7. Bd3 Ng6 8. O-O O-O 9. b4 Be7 10. Re1 a5 11. b5 a4 12. Bb2 Nd7 13. Nbd2 Nc5 14. Bf1 Bd7 15. g3 Qa5 16. Nd4 f6 17. exf6 Bxf6 18. c4 e5 19. Nc2 d4 20. Nb4 Bf5 21. Nd5 Rad8 22. h4 Ne7 23. Nxf6+ gxf6 24. Qf3 Qxd2 25. Re2 Qa5 26. Bc1 Qc7 27. Bh6 Rf7 28. Bg2 Kh8 29. g4 Be6 30. g5 Ng8 31. Qh5 Nxh6 32. Qxh6 Rg8 33. gxf6 Bh3 34. f3 Ne6 35. Kh2 e4+ 36. Kh1 Qg3 37. Rg1 exf3 0-1

[Event "January 9 Late 2024"]
[Site "https://www.chess.com"]
[Date "2024.01.09"]
[Round "2"]
[White "Keymer, Vincent"]
[Black "Rosen, Eric"]
[Result "1-0"]
[Board "15"]
[TimeControl "180+1"]
[WhiteFideId "12940690"]
[BlackFideId "2032562"]
[WhiteElo "3058"]
[BlackElo "2667"]
[WhiteTeam "GER"]
[BlackTeam "USA"]
[WhiteClock "0:02:41"]
[BlackClock "0:00:00"]

1. Nf3 d5 2. e3 Nf6 3. c4 e6 4. Nc3 Nbd7 5. b3 a6 6. Bb2 b6 7. cxd5 exd5 8. g3 Bb7 9. Bg2 Bd6 10. O-O Qe7 11. Rc1 O-O-O 12. Ne2 Kb8 13. Ned4 Ba3 14. Nf5 Qf8 15. Bxa3 Qxa3 16. Qc2 c5 17. Nxg7 h5 18. Nf5 Ng4 19. Nd6 Nde5 20. Nxe5 Nxe5 21. Nxb7 Kxb7 22. d4 Nc6 23. dxc5 Qxc5 24. Qxc5 bxc5 25. Rxc5 Kb6 26. Rxd5 Nb4 27. Rf5 1-0

[Event "January 9 Late 2024"]
[Site "https://www.chess.com"]
[Date "2024.01.09"]
[Round "2"]
[White "Kleiman, Jake"]
[Black "Grischuk, Alexander"]
[Result "0-1"]
[Board "16"]
[TimeControl "180+1"]
[WhiteFideId "2020041"]
[BlackFideId "4126025"]
[WhiteElo "2667"]
[BlackElo "3054"]
[WhiteTeam "USA"]
[BlackTeam "RUS"]
[WhiteClock "0:00:08"]
[BlackClock "0:00:13"]

1. e4 e5 2. Nf3 Nc6 3. Bc4 Bc5 4. c3 Nf6 5. d3 d6 6. O-O a6 7. Bb3 Ba7 8. Nbd2 O-O 9. h3 h6 10. Re1 Re8 11. Nf1 Be6 12. Bc2 d5 13. Ng3 dxe4 14. dxe4 Qxd1 15. Rxd1 Red8 16. Be3 Bxe3 17. fxe3 Ne8 18. Kf2 f6 19. Bb3 Bxb3 20. axb3 Rxd1 21. Rxd1 Nd6 22. Ke2 a5 23. Nh4 Rd8 24. Nhf5 Nc8 25. Rd3 Kf8 26. Nf1 h5 27. g4 hxg4 28. hxg4 g6 29. N5g3 Kf7 30. Rxd8 Nxd8 31. Nd2 b5 32. Nf3 Ne6 33. Nf1 Nd6 34. N1d2 Nc5 35. g5 Ncxe4 36. gxf6 Kxf6 37. Nf1 Nc5 38. N1d2 Nde4 39. Nxe4+ Nxe4 40. b4 a4 41. Kd3 Nd6 42. Nd2 g5 43. e4 g4 44. Ke2 Kg5 45. Ke3 Nc4+ 46. Nxc4 bxc4 47. b5 Kh4 0-1

[Event "January 9 Late 2024"]
[Site "https://www.chess.com"]
[Date "2024.01.09"]
[Round "2"]
[White "Sarana, Alexey"]
[Black "Msellek, Ilyass"]
[Result "1-0"]
[Board "17"]
[TimeControl "180+1"]
[WhiteFideId "24133795"]
[BlackFideId "675938"]
[WhiteElo "3048"]
[BlackElo "2666"]
[WhiteTeam "SRB"]
[BlackTeam "MAR"]
[WhiteClock "0:01:09"]
[BlackClock "0:00:55"]

1. d4 Nf6 2. c4 g6 3. Nc3 Bg7 4. e4 d6 5. Nf3 O-O 6. Be2 e5 7. Be3 Ng4 8. Bg5 f6 9. Bh4 Nh6 10. dxe5 dxe5 11. Qxd8 Rxd8 12. Nd5 g5 13. Nxc7 gxh4 14. Nxa8 Na6 15. c5 Nxc5 16. Nc7 h3 17. Rg1 hxg2 18. Rxg2 Nxe4 19. Rd1 Rxd1+ 20. Bxd1 Bh3 21. Rg1 Ng4 22. Ne6 Ngxf2 23. Rxg7+ Kh8 24. Re7 Nd3+ 25. Ke2 Bxe6 26. Kxd3 1-0

[Event "January 9 Late 2024"]
[Site "https://www.chess.com"]
[Date "2024.01.09"]
[Round "2"]
[White "Krishnan, Varun"]
[Black "Fedoseev, Vladimir"]
[Result "1/2-1/2"]
[Board "18"]
[TimeControl "180+1"]
[WhiteFideId "5054508"]
[BlackFideId "24130737"]
[WhiteElo "2665"]
[BlackElo "3043"]
[WhiteTeam "USA"]
[BlackTeam "SLO"]
[WhiteClock "0:00:12"]
[BlackClock "0:00:07"]

1. d4 d5 2. c4 c6 3. Nc3 e5 4. cxd5 cxd5 5. e4 Bb4 6. exd5 Bxc3+ 7. bxc3 Qxd5 8. Nf3 exd4 9. cxd4 Nf6 10. Qa4+ Bd7 11. Qa3 Nc6 12. Be3 Qa5+ 13. Qxa5 Nxa5 14. Ne5 Nd5 15. Nxd7 Kxd7 16. Bb5+ Kd6 17. O-O a6 18. Bd3 Rac8 19. Rac1 g6 20. Bd2 Rxc1 21. Rxc1 Nc6 22. Be3 Re8 23. Bd2 Nxd4 24. Kf1 b5 25. h4 h5 26. g3 Nf3 27. Rd1 Nxd2+ 28. Rxd2 Kc5 29. Bc2 Re7 30. Bb3 Nc3 31. Rd3 b4 32. Rd8 a5 33. Ra8 Kb6 34. Rb8+ Ka7 35. Rf8 a4 36. Bxf7 Nxa2 37. Bxa2 Kb6 38. Rb8+ Kc5 39. Rc8+ Kb6 40. Rb8+ Kc5 41. Rc8+ Kd6 42. Rb8 Re4 43. Bb1 Rd4 44. Bxg6 Kc7 45. Rb5 Kc6 46. Be8+ Kd6 47. Bxh5 b3 48. Bf7 Kc6 49. Be8+ Kc7 50. Bf7 Kc6 51. Rb8 Kc7 52. Rb5 Kc6 1/2-1/2

[Event "January 9 Late 2024"]
[Site "https://www.chess.com"]
[Date "2024.01.09"]
[Round "2"]
[White "Iturrizaga Bonelli, Eduardo"]
[Black "Shandrygin, Nikita"]
[Result "1-0"]
[Board "19"]
[TimeControl "180+1"]
[WhiteFideId "3901211"]
[BlackFideId "24198668"]
[WhiteElo "3040"]
[BlackElo "2663"]
[WhiteTeam "ESP"]
[BlackTeam "RUS"]
[WhiteClock "0:00:07"]
[BlackClock "0:00:00"]

1. c4 Nf6 2. g3 d5 3. cxd5 Nxd5 4. Bg2 Nb6 5. Nc3 g6 6. h4 h6 7. d4 Bg7 8. Nf3 Nc6 9. Be3 Nc4 10. Bf4 O-O 11. Qc1 Kh7 12. O-O Bg4 13. Rd1 Nd6 14. Ne5 Bd7 15. e4 Qe8 16. Nd5 Rc8 17. Kh2 f6 18. Nxd7 Qxd7 19. Nc3 g5 20. hxg5 hxg5 21. Be3 Nc4 22. b3 Nxe3 23. Qxe3 e6 24. Bf3 f5 25. e5 Bh6 26. d5 Ne7 27. dxe6 Qxe6 28. Bxb7 Rcd8 29. Rxd8 Rxd8 30. Bg2 g4 31. Qe2 Ng6 32. Rd1 Rxd1 33. Nxd1 Nxe5 34. Qc2 Kg6 35. Qxc7 Nd3 36. Qd8 Ne1 37. Bd5 Qf6 38. Qe8+ Kg5 39. Qxe1 f4 40. Qe4 fxg3+ 41. fxg3 Bg7 42. Qe3+ Kh5 43. Bg2 Bh6 44. Qc5+ Bg5 45. Nf2 a5 46. Ne4 1-0